 Dungeon Crawl Stone Soup version 0.31-a0-1549-g5ff9445e89 (webtiles) character file.

Game seed: 636742161270229978

10264 CowFu the Blocker (level 11, -5/93 HPs)
             Began as a Gnoll Fighter on Jan 2, 2024.
             Was an Elder of Ashenzari.
             Slain by a slime creature (12 damage)
             ... on level 12 of the Dungeon.
             The game lasted 00:13:37 (11568 turns).

CowFu the Blocker (Gnoll Fighter)                  Turns: 11568, Time: 00:13:37

Health: -5/93      AC: 16    Str: 15    XL:     11   Next: 59%
Magic:  32/32      EV: 12    Int: 14    God:    Ashenzari [****..]
Gold:   990        SH:  7    Dex: 15    Spells: 24/27 levels left

rFire   . . .        b - +7 dagger "Gaze Upon Infinity" {flame, *Slow Int+5 Stlth+, Fort, Melee} (curse)
rCold   . . .        c - +0 buckler of Ashenzari's Gnosis {Dev, Fort} (curse)
rNeg    . . .        D - +0 scale mail "Per Aspera Ad Scientiam" {Range, Self} (curse)
rPois   .            B - +2 hat "Restrained Sorrow" {Melee, Elem} (curse)
rElec   .            m - +0 cloak of the Eternal Sun {Fort, Bglg} (curse)
rCorr   .            C - +0 pair of gloves
SInv    +            P - +0 pair of boots
Will    +....        x - amulet "Circumscribed Together" {RegenMP, Bglg, Melee} (curse)
Stlth   +++          M - ring of magical power
HPRegen 0.35/turn    s - ring of willpower
MPRegen 0.63/turn

%: slow self (1%), clarity
@: slowed, very slow
A: fangs 1, strong nose, distributed training
a: Renounce Religion, Curse Item, Shatter the Chains


You were on level 12 of the Dungeon.
You worshipped Ashenzari.
Ashenzari was greatly pleased with you.
You visited 1 branch of the dungeon, and saw 12 of its levels.
You also visited: Ossuary.

You collected 990 gold pieces.

Inventory:

Hand Weapons
 a - a +0 long sword
 b - the cursed +7 dagger "Gaze Upon Infinity" (weapon) {flame, *Slow Int+5 Stlth+, Fort, Melee}
   (You found it on level 5 of the Dungeon)

   Int+5:     It affects your intelligence (+5).
   *Slow:     It may slow you when you take damage.
   Stlth+:    It makes you more stealthy.
   It has a curse which improves the following skills: Fortitude: Armour and
   Shields.
   Melee Combat: Short Blades, Long Blades, Axes, Maces & Flails, Polearms,
   Staves and Unarmed Combat.
 H - a +1 falchion of freezing
 J - a +4 short sword of flaming
Armour
 c - the cursed +0 buckler of Ashenzari's Gnosis (worn) {Dev, Fort}

   It has a curse which improves the following skills: Devices: Evocations and
   Shapeshifting.
   Fortitude: Armour and Shields.
 m - the cursed +0 cloak of the Eternal Sun (worn) {Fort, Bglg}
   (You found it on level 2 of the Dungeon)

   It has a curse which improves the following skills: Fortitude: Armour and
   Shields.
   Beguiling: Hexes and Translocations.
 B - the cursed +2 hat "Restrained Sorrow" (worn) {Melee, Elem}
   (You found it on level 4 of the Dungeon)

   It has a curse which improves the following skills: Melee Combat: Short
   Blades, Long Blades, Axes, Maces & Flails, Polearms, Staves and Unarmed
   Combat.
   Elements:  Fire Magic, Ice Magic, Air Magic and Earth Magic.
 C - a +0 pair of gloves (worn)
 D - the cursed +0 scale mail "Per Aspera Ad Scientiam" (worn) {Range, Self}

   It has a curse which improves the following skills: Ranged Combat: Ranged
   Weapons and Throwing.
   Introspection: Fighting and Spellcasting.
 P - a +0 pair of boots (worn)
Jewellery
 p - a ring of willpower
 s - a ring of willpower (right hand)
 x - the cursed amulet "Circumscribed Together" (around neck) {RegenMP, Bglg, Melee}
   (You found it on level 3 of the Dungeon)

   [amulet of magic regeneration]

   RegenMP:   It increases your rate of magic regeneration.
   It has a curse which improves the following skills: Beguiling: Hexes and
   Translocations.
   Melee Combat: Short Blades, Long Blades, Axes, Maces & Flails, Polearms,
   Staves and Unarmed Combat.
 M - a ring of magical power (left hand)
 O - a ring of ice
Wands
 n - a wand of polymorph (3)
 u - a wand of roots (30)
 z - a wand of flame (33)
 G - a wand of mindburst (18)
 Q - a wand of digging (1)
Scrolls
 e - 4 scrolls of noise
 f - 2 scrolls of brand weapon
 g - a scroll of blinking
 i - 4 scrolls of summoning
 j - 9 scrolls of identify
 k - 8 scrolls of teleportation
 o - a scroll of poison
 q - 2 scrolls of enchant armour
 t - a scroll of revelation
 v - 4 scrolls of fear
 y - 2 scrolls of amnesia
 E - 7 scrolls of immolation
 F - 3 scrolls of enchant weapon
 I - 2 scrolls of fog
 R - 2 scrolls of silence
Potions
 h - 2 potions of haste
 l - 3 potions of invisibility
 r - 4 potions of curing
 w - 2 potions of lignification
 A - 2 potions of enlightenment
 K - a potion of mutation
 L - 2 potions of brilliance
 N - 3 potions of resistance
 S - 2 potions of berserk rage


   Skills:
 + Level 9.4(11.3) Fighting
 + Level 6.7(10.3) Short Blades
 + Level 8.2(11.8) Long Blades
 + Level 6.7(10.3) Axes
 + Level 6.7(10.3) Maces & Flails
 + Level 6.7(10.3) Polearms
 + Level 6.7(10.3) Staves
 + Level 6.7(8.5) Ranged Weapons
 + Level 6.7(8.5) Throwing
 + Level 9.4(13.0) Armour
 + Level 6.7 Dodging
 + Level 6.7 Stealth
 + Level 9.4(13.0) Shields
 + Level 6.7(10.3) Unarmed Combat
 + Level 6.7(8.5) Spellcasting
 + Level 5.5 Conjurations
 + Level 5.5(8.2) Hexes
 + Level 5.5 Summonings
 + Level 5.5 Necromancy
 + Level 5.5(8.2) Translocations
 + Level 5.5(7.3) Fire Magic
 + Level 5.5(7.3) Ice Magic
 + Level 5.5(7.3) Air Magic
 + Level 5.5(7.3) Earth Magic
 + Level 5.5 Alchemy
 + Level 7.3 Invocations
 + Level 6.7(8.5) Evocations
 + Level 6.1(7.9) Shapeshifting


You had 24 spell levels left.
You knew the following spells:

 Your Spells              Type           Power      Damage    Failure   Level
a - Call Canine Familiar  Summ           21%        N/A       12%         3

Your spell library contained the following spells:

 Spells                   Type           Power      Damage    Failure   Level
 Summon Small Mammal      Summ           84%        N/A       4%          1
 Gell's Gravitas          Tloc           29%        N/A       4%          3
 Teleport Other           Tloc           29%        N/A       4%          3
 Ignite Poison            Fire/Alch      24%        N/A       26%         4
 Sticky Flame             Fire/Alch      24%        2d6       26%         4
 Summon Blazeheart Golem  Fire/Summ      24%        N/A       26%         4
 Dispersal                Tloc           14%        N/A       90%         6
 Ignition                 Fire           13%        3d6       100%        8


Dungeon Overview and Level Annotations

Branches:
Dungeon (12/15)            Temple (0/1) D:7            Lair (0/5) D:9
    Orc (0/2) D:12        Ossuary (visited)

Altars:
Ashenzari
Cheibriados
Fedhas
Gozag
Hepliaklqana
Qazlal
Zin

Annotations:
D:8 2 transporters


Innate Abilities, Weirdness & Mutations

You have very sharp teeth.
Your uncanny sense of smell can sniff out nearby items.
Your experience applies equally to all skills.


Message History

The wraith is lightly damaged.
You hit the wraith. You burn the wraith.
The wraith is moderately damaged.
The wraith barely misses you.
You hit the wraith. You burn the wraith.
The wraith is moderately damaged.
You hit the wraith. You burn the wraith.
The wraith is heavily damaged.
The wraith hits you but does no damage.
You hit the wraith. You burn the wraith. Your bite misses the wraith.
The wraith is severely damaged.
The wraith hits you.
* * * LOW HITPOINT WARNING * * *
The wraith drains your vigour!
You feel yourself slow down.
You barely miss the wraith. Your bite misses the wraith.
The wraith is severely damaged.
You hit the wraith but do no damage.
The wraith is severely damaged.
The wraith hits you.
* * * LOW HITPOINT WARNING * * *
You hit the wraith but do no damage.
The wraith is severely damaged.
You block the wraith's attack.
You hit the wraith. You burn the wraith.
The wraith is severely damaged.
You hit the wraith but do no damage. You bite the wraith, but do no damage.
The wraith is severely damaged.
The wraith hits you but does no damage.
You hit the wraith. You burn the wraith.
The wraith is almost destroyed.
A slime creature comes into view.
The slime creature attacks as it pursues you!
The slime creature hits you but does no damage.
The slime creature attacks as it pursues you!
The slime creature hits you but does no damage.
The slime creature hits you!
* * * LOW HITPOINT WARNING * * *
There is a stone staircase leading up here.
The slime creature hits you!
You die...

....#***,,<,,,...≈≈#>,,,,
##### *******.#.≈≈#**,,,
# ##†..≈≈#,~,,, #
#.{..≈≈#***** #####
#####.##.{≈≈≈~~~~ ....#
#......#,~≈≈≈~~~~ ....#
#......#,,,,.,,,,
....#####......###******,
....'..##.....WJ@#######,
....##..#......#........,
....###.#......#########,
##### #........# *,
###......# ** ########


You could see a slime creature and a wraith.

Vanquished Creatures
  A catoblepas (D:11)
  2 two-headed ogres
  Lodul (D:10)
  An unseen horror (D:10)
  A slime creature (D:12)
  Eustachio (D:4)
  3 wyverns
  A water elemental (D:12)
  5 yaks (D:10)
  3 steam dragons
  2 vampire mosquitoes (D:12)
  3 acid dragons
  2 water moccasins
  An orc warrior (D:7)
  4 sky beasts
  An ice beast (D:8)
  10 ogres
  2 black bears (D:6)
  8 centaurs
  6 kobold brigands
  3 bullfrogs
  Blork the orc (D:4)
  A gnoll sergeant (D:9)
  3 scorpions
  5 wights (D:9)
  13 killer bees
  An electric eel (D:12)
  3 howler monkeys
  2 bombardier beetles (D:5)
  5 hounds
  A jelly (D:6)
  3 orc priests
  Jessica (D:2)
  Terence (D:2)
  An iguana (D:4)
  6 orc wizards
  4 crocodile zombies (Ossuary)
  2 mummies (Ossuary)
  7 gnolls
  9 adders
  2 shadow imps
  4 ufetubi (D:6)
  A dart slug (D:4)
  15 orcs
  5 endoplasms
  4 giant cockroaches
  3 gnoll zombies (Ossuary)
  2 goblins (D:1)
  6 hobgoblins
  4 jackals (D:1)
  2 quokkas
  5 ball pythons
  4 bats
  5 frilled lizards (D:1)
  37 kobolds
  A kobold zombie (Ossuary)
  5 rats
235 creatures vanquished.

Notes
Turn   | Place    | Note
-------+----------+-------------------------------------------
     0 | D:1      | CowFu the Gnoll Fighter began the quest for the Orb.
     0 | D:1      | Reached XP level 1. HP: 23/23 MP: 1/1
    87 | D:1      | Reached XP level 2. HP: 29/29 MP: 2/2
   269 | D:1      | Reached XP level 3. HP: 35/35 MP: 3/3
   531 | D:2      | Found a faded altar of an unknown god.
   549 | D:2      | Reached skill level 1 in Invocations
   571 | D:2      | Prayed at the altar of an unknown god.
   571 | D:2      | Became a worshipper of Ashenzari the Shackled
   855 | D:2      | Noticed Jessica
   866 | D:2      | Killed Jessica
   867 | D:2      | Reached skill level 1 in Short Blades
   867 | D:2      | Reached skill level 1 in Axes
   867 | D:2      | Reached skill level 1 in Maces & Flails
   867 | D:2      | Reached skill level 1 in Polearms
   867 | D:2      | Reached skill level 1 in Staves
   867 | D:2      | Reached skill level 1 in Ranged Weapons
   867 | D:2      | Reached skill level 1 in Throwing
   867 | D:2      | Reached skill level 1 in Dodging
   867 | D:2      | Reached skill level 1 in Stealth
   867 | D:2      | Reached skill level 1 in Unarmed Combat
   867 | D:2      | Reached skill level 1 in Spellcasting
   867 | D:2      | Reached skill level 1 in Evocations
   867 | D:2      | Reached skill level 1 in Shapeshifting
   867 | D:2      | Reached XP level 4. HP: 27/41 MP: 5/5
   942 | D:2      | Reached skill level 1 in Conjurations
   942 | D:2      | Reached skill level 1 in Hexes
   942 | D:2      | Reached skill level 1 in Summonings
   942 | D:2      | Reached skill level 1 in Necromancy
   942 | D:2      | Reached skill level 1 in Translocations
   942 | D:2      | Reached skill level 1 in Fire Magic
   942 | D:2      | Reached skill level 1 in Ice Magic
   942 | D:2      | Reached skill level 1 in Air Magic
   942 | D:2      | Reached skill level 1 in Earth Magic
   942 | D:2      | Reached skill level 1 in Alchemy
  1180 | D:2      | Noticed Terence
  1192 | D:2      | Killed Terence
  1738 | D:3      | Reached XP level 5. HP: 46/47 MP: 7/7
  2084 | D:3      | Reached * piety under Ashenzari
  2250 | D:3      | Found a hazy altar of Hepliaklqana.
  2253 | D:3      | Found a stormy altar of Qazlal.
  2256 | D:3      | Found a snail-covered altar of Cheibriados.
  2704 | D:4      | Noticed Eustachio
  2708 | D:4      | Upgraded the game from 0.31-a0-1540-g5a0b83f448 to
                  | 0.31-a0-1549-g5ff9445e89
  2726 | D:4      | Killed Eustachio
  2727 | D:4      | Reached skill level 5 in Long Blades
  2727 | D:4      | Reached XP level 6. HP: 28/53 MP: 7/9
  2838 | D:4      | Reached ** piety under Ashenzari
  2842 | D:4      | Noticed Blork the orc
  2853 | D:4      | Killed Blork the orc
  3250 | D:5      | Entered Level 5 of the Dungeon
  3259 | D:5      | Reached XP level 7. HP: 55/62 MP: 11/11
  3642 | D:5      | Identified the +7 dagger of Fury {flame, *Slow Int+5
                  | Stlth+}
  4027 | D:5      | Reached XP level 8. HP: 65/69 MP: 12/14
  4940 | D:6      | Noticed a wyvern
  4950 | D:6      | Killed a wyvern
  4951 | D:6      | Reached XP level 9. HP: 57/75 MP: 16/16
  5556 | D:7      | Found a staircase to the Ecumenical Temple.
  6093 | D:8      | Reached skill level 5 in Invocations
  6109 | D:8      | Found a glowing silver altar of Zin.
  6140 | D:8      | Found an opulent altar of Gozag.
  6165 | D:8      | Found a transporter.
  6171 | D:8      | Found a blossoming altar of Fedhas.
  6175 | D:8      | a glass eye changed into a komodo dragon
  6175 | D:8      | Noticed a komodo dragon (shapeshifter)
  6178 | D:8      | Noticed a deep elf pyromancer
  6180 | D:8      | Noticed a two-headed ogre
  6182 | D:8      | Found a transporter.
  6185 | D:8      | a komodo dragon changed into a yaktaur
  6185 | D:8      | Noticed a yaktaur (shapeshifter)
  6208 | D:8      | Found a sand-covered staircase.
  6213 | Ossuary  | Entered an ossuary
  6527 | D:8      | Noticed a troll
  6533 | D:8      | a spriggan changed into a glowing orange brain
  6533 | D:8      | Noticed a glowing orange brain (shapeshifter)
  6772 | D:8      | Reached skill level 5 in Short Blades
  6772 | D:8      | Reached skill level 5 in Axes
  6772 | D:8      | Reached skill level 5 in Maces & Flails
  6772 | D:8      | Reached skill level 5 in Polearms
  6772 | D:8      | Reached skill level 5 in Staves
  6772 | D:8      | Reached skill level 5 in Ranged Weapons
  6772 | D:8      | Reached skill level 5 in Throwing
  6772 | D:8      | Reached skill level 5 in Dodging
  6772 | D:8      | Reached skill level 5 in Stealth
  6772 | D:8      | Reached skill level 5 in Unarmed Combat
  6772 | D:8      | Reached skill level 5 in Spellcasting
  6772 | D:8      | Reached skill level 5 in Evocations
  6772 | D:8      | Reached XP level 10. HP: 59/83 MP: 19/19
  7106 | D:8      | a basilisk changed into a fire crab
  7106 | D:8      | Noticed a fire crab (shapeshifter)
  7115 | D:9      | Noticed a two-headed ogre
  7136 | D:9      | Killed a two-headed ogre
  7507 | D:9      | Reached *** piety under Ashenzari
  7533 | D:9      | Learned a level 3 spell: Call Canine Familiar
  7913 | D:9      | Reached skill level 5 in Shapeshifting
  8275 | D:9      | Found a staircase to the Lair.
  8362 | D:10     | Entered Level 10 of the Dungeon
  8830 | D:10     | HP: 2/86 [acid dragon/splash of acid (17)]
  9070 | D:10     | Noticed an unseen horror
  9101 | D:10     | Killed an unseen horror
  9102 | D:10     | Reached skill level 5 in Conjurations
  9102 | D:10     | Reached skill level 5 in Hexes
  9102 | D:10     | Reached skill level 5 in Summonings
  9102 | D:10     | Reached skill level 5 in Necromancy
  9102 | D:10     | Reached skill level 5 in Translocations
  9102 | D:10     | Reached skill level 5 in Fire Magic
  9102 | D:10     | Reached skill level 5 in Ice Magic
  9102 | D:10     | Reached skill level 5 in Air Magic
  9102 | D:10     | Reached skill level 5 in Earth Magic
  9102 | D:10     | Reached skill level 5 in Alchemy
  9208 | D:10     | Reached XP level 11. HP: 92/92 MP: 22/22
  9667 | D:11     | Noticed Lodul
  9939 | D:10     | Killed Lodul
 10345 | D:11     | Noticed a catoblepas
 10352 | D:11     | Killed a catoblepas
 10380 | D:11     | Reached **** piety under Ashenzari
 10803 | D:11     | Noticed a two-headed ogre
 10808 | D:11     | Killed a two-headed ogre
 11568 | D:12     | Slain by a slime creature

Illustrated notes

Levels and vault maps discovered:
D:1:      roderic_chinese_lattice_arrival, layout_rooms
D:2:      layout_basic, hellmonk_ecumenical_altar_leap_of_faith, uniq_terence,
          uniq_jessica
D:3:      layout_loops_corners, grunt_temple_overflow_diamond
D:4:      layout_gridville, uniq_blork_the_orc, uniq_eustachio
D:5:      layout_loops_corners, st_stairs_6, hangedman_minor_gate_pass
D:6:      nicolae_cairo_tiling_very_big, layout_loops_ring,
          amcnicky_mini_pool_small
D:7:      layout_cave_pools, minmay_temple_entry_antechambers,
          roderic_cross_of_infinity
D:8:      layout_loops_ring, pdpol_temple_overflow_zin_treasury_gozag_greed,
          gammafunk_temple_overflow_arena, nicolae_ossuary_entry_false_entrances
D:9:      layout_basic, lair_entry_dummy
D:10:     layout_loops_ring, minmay_misc_feat_five
D:11:     layout_gridville, uniq_lodul
D:12:     layout_roguey, erik_orc_2, kennysheep_cluttered_room,
          hangedman_corner_corridor

Skill      XL: |  1  2  3  4  5  6  7  8  9 10 11 |
---------------+----------------------------------+-----
Invocations    | 1 2 3 4 5 6 7 |  7.3
Short Blades   | 1 2 3 5 6 |  6.7
Axes           | 1 2 3 5 6 |  6.7
Maces & Flails | 1 2 3 5 6 |  6.7
Polearms       | 1 2 3 5 6 |  6.7
Staves         | 1 2 3 5 6 |  6.7
Ranged Weapons | 1 2 3 5 6 |  6.7
Throwing       | 1 2 3 5 6 |  6.7
Dodging        | 1 2 3 5 6 |  6.7
Stealth        | 1 2 3 5 6 |  6.7
Unarmed Combat | 1 2 3 5 6 |  6.7
Spellcasting   | 1 2 3 5 6 |  6.7
Evocations     | 1 2 3 5 6 |  6.7
Shapeshifting  | 1 2 3 4 5 6 |  6.1
Conjurations   | 1 2 3 4 5 |  5.5
Hexes          | 1 2 3 4 5 |  5.5
Summonings     | 1 2 3 4 5 |  5.5
Necromancy     | 1 2 3 4 5 |  5.5
Translocations | 1 2 3 4 5 |  5.5
Fire Magic     | 1 2 3 4 5 |  5.5
Ice Magic      | 1 2 3 4 5 |  5.5
Air Magic      | 1 2 3 4 5 |  5.5
Earth Magic    | 1 2 3 4 5 |  5.5
Alchemy        | 1 2 3 4 5 |  5.5
Long Blades    | 5 6 7 8 |  8.2
Fighting       | 7 8 9 |  9.4
Armour         | 7 8 9 |  9.4
Shields        | 7 8 9 |  9.4

Action                     |  1- 3 |  4- 6 |  7- 9 | 10-12 || total
---------------------------+-------+-------+-------+-------++-------
  Melee: Long sword        |   107 |   116 |    29 |       ||   252
         Bite              |    16 |    10 |    46 |    63 ||   135
         Dagger            |       |       |   340 |   471 ||   811
 Invoke: Curse Item        |       |     3 |     1 |     2 ||     6
    Use: Potion            |       |     1 |       |     4 ||     5
         Scroll            |       |       |       |     1 ||     1
   Stab: Sleeping          |       |       |     4 |     8 ||    12
         Distracted        |       |       |     1 |       ||     1
 Armour: Scale mail        |    99 |    76 |   185 |   267 ||   627
  Dodge: Dodged            |    80 |    58 |   145 |   173 ||   456
  Block: Buckler           |    39 |    34 |   110 |   133 ||   316

Table legend: (Time is in decaauts)
 A = Elapsed time spent in this place.
 B = Non-inter-level travel time spent in this place.
 C = Inter-level travel time spent in this place.
 D = Time resting spent in this place.
 E = Time spent auto-exploring this place.
 F = Levels seen in this place.
 G = Mean time per level.
                   A        B        C        D        E       F      G
               +--------+--------+--------+--------+--------+-----+--------+
         Total |  11375 |  11097 |    278 |      0 |   9259 |  13 |  875.0 |
       Dungeon |  11275 |  10997 |    278 |      0 |   9211 |  12 |  939.6 |
       Ossuary |    100 |    100 |      0 |      0 |     48 |   1 |  100.0 |
               +--------+--------+--------+--------+--------+-----+--------+

Top non-repeatable levels by time:
    D:10: 1641 daAuts
    D:11: 1173 daAuts
     D:5: 1172 daAuts
     D:2: 1095 daAuts
     D:8: 1092 daAuts
     D:6: 1013 daAuts
     D:9: 1001 daAuts
     D:4: 851 daAuts
     D:3: 846 daAuts
     D:7: 614 daAuts
     D:1: 506 daAuts
    D:12: 266 daAuts
 Ossuary: 100 daAuts
